 Dungeon Crawl Stone Soup version 0.30-b1-2-g02819fbbbe (webtiles) character file.

Game seed: 17412202767961640749

573351 redmage the Black Belt (level 27, -7/201 (202) HPs)
             Began as a Meteoran Ice Elementalist on Aug 1, 2023.
             Was the Champion of Cheibriados.
             Mangled by Dolelog the pandemonium lord (25 damage)
             ... in Pandemonium on Aug 2, 2023.
             The game lasted 04:53:17 (13851 turns).

redmage the Black Belt (Meteoran Ice Elementalist) Turns: 13851, Time: 04:53:19

HP:   -7/201 (202)  AC: 38    Str: 29    XL:     27
MP:   55/55         EV: 32    Int: 40    God:    Cheibriados [******]
Gold: 1169          SH:  0    Dex: 30    Spells: 18/62 levels left

rFire   + .          .
                       - Unarmed
rCold   + + .        T - +1 kite shield {AC+3}
rNeg    + . .        D - melded +0 troll leather armour
rPois   ∞            o - +2 hat
rElec   +            C - +2 cloak {rCorr}
rCorr   +            v - melded +1 pair of gloves {Dex+3}
SInv    +            c - melded +2 pair of boots {Fly}
Will    +++..        m - amulet of Vitality {RegenMP++ Regen++}
Stlth   +            L - ring of Greed {rC+ rCorr MP+9}
HPRegen 2.93/turn    z - ring of Tojicile {rPois rF+ rC+ Int-4 SInv}
MPRegen 1.14/turn

%: random rage (3%)
@: confused, statue-form, ambrosia-drunk, on berserk cooldown, slowed, glowing,
studying 2 skills, silenced, lightly drained, very slow
A: slow and powerful, torment resistance 1, boosted hp, sense surroundings 3,
otherworldly, glowing, explore regen, berserk 1, deformed body, regeneration 1,
MP-powered wands
}: 6/15 runes: decaying, serpentine, slimy, silver, abyssal, demonic
a: End Transformation, Renounce Religion


You were in Pandemonium.
You worshipped Cheibriados.
Cheibriados was exalted by your worship.
You were a living statue of rough stone.
You visited 9 branches of the dungeon, and saw 45 of its levels.
You visited Pandemonium 1 time, and saw 3 of its levels.
You visited the Abyss 1 time.
You visited 1 ziggurat, and saw 11 of its levels.
You also visited: Sewer, Ossuary and Gauntlet.

You collected 4365 gold pieces.
You spent 3196 gold pieces at shops.

Inventory:

Missiles
 n - 13 curare-tipped darts
 J - a throwing net
 R - 5 silver javelins
Armour
 c - a +2 pair of boots of flying (melded)
 o - a +2 hat (worn)
 v - a +1 pair of gloves of dexterity (melded)
 C - a +2 cloak of preservation (worn)
 D - a +0 troll leather armour (melded)
 T - a +1 kite shield of protection (worn)
Magical Staves
 a - the staff of conjuration "Darruluj" {Will+ Dex+2}
   (You found it in a Gauntlet)

   [staff of conjuration]

   Base accuracy: +5 Base damage: 5 Base attack delay: 1.2 This weapon's minimum
   attack delay (0.6) is reached at skill level 12.
   Dex:       It affects your dexterity (+2).
   Will:      It increases your willpower.
   It falls into the 'Staves' category.
   It is a one-handed weapon.
 u - the staff of cold "Hath" {*Corrode rF+ rC+ Dex+4 Stlth+}
   (You found it on level 5 of the Pits of Slime)

   [staff of cold]

   Base accuracy: +5 Base damage: 5 Base attack delay: 1.2 This weapon's minimum
   attack delay (0.6) is reached at skill level 12.
   Dex:       It affects your dexterity (+4).
   rF:        It protects you from fire.
   rC:        It protects you from cold.
   *Corrode:  It may corrode you when you take damage.
   Stlth:     It makes you more stealthy.
   It falls into the 'Staves' category.
   It is a one-handed weapon.
 P - a staff of earth
Jewellery
 m - the amulet of Vitality (around neck) {RegenMP++ Regen++}
   (You found it on level 9 of a ziggurat)

   [amulet of magic regeneration]

   It increases your rate of magic regeneration.
   Regen:     It increases your rate of health regeneration.
 p - a ring of willpower
 z - the ring of Tojicile (right fist) {rPois rF+ rC+ Int-4 SInv}
   (You bought it in a shop on level 3 of the Depths)

   [ring of see invisible]

   Int:       It affects your intelligence (-4).
   rF:        It protects you from fire.
   rC:        It protects you from cold.
   rPois:     It protects you from poison.
   SInv:      It lets you see invisible.
 L - the ring of Greed (left fist) {rC+ rCorr MP+9}
   (You found it on level 5 of the Pits of Slime)

   [ring of magical power]

   rC:        It protects you from cold.
   MP:        It affects your magic capacity (+9).
   rCorr:     It protects you from acid and corrosion.
 V - an amulet of the acrobat
 W - the ring "Ryafi" {Wiz Int+3 Dex+2}
   (You found it in a Gauntlet)

   [ring of wizardry]

   It improves your spell success rate.
   Int:       It affects your intelligence (+3).
   Dex:       It affects your dexterity (+2).
 X - a ring of flight
Wands
 l - a wand of digging (15)
 t - a wand of polymorph (5)
 I - a wand of roots (56)
 U - a wand of light (9)
Scrolls
 g - 19 scrolls of teleportation
 j - 5 scrolls of immolation
 k - 3 scrolls of enchant armour
 q - 4 scrolls of fear
 s - 4 scrolls of poison
 B - 5 scrolls of blinking
 E - 8 scrolls of fog
 G - 3 scrolls of magic mapping
 H - a scroll of summoning
 K - 2 scrolls of torment
 Y - 2 scrolls of silence
Potions
 b - 4 potions of magic
 d - 3 potions of flight
 e - 5 potions of brilliance
 f - a potion of resistance
 h - a potion of berserk rage
 i - 11 potions of curing
 r - 3 potions of might
 x - 3 potions of lignification
 A - 11 potions of mutation
 N - a potion of cancellation
 O - 2 potions of ambrosia


   Skills:
 - Level 15.0 Fighting
 - Level 7.1 Armour
 - Level 18.0 Dodging
 - Level 1.6 Stealth
 - Level 15.0 Shields
 - Level 20.1 Unarmed Combat
 - Level 18.1 Spellcasting
 - Level 14.1 Summonings
 - Level 3.3 Necromancy
 - Level 12.9 Translocations
 - Level 9.1 Transmutations
 - Level 6.1 Ice Magic
 * Level 18.7 Air Magic
 - Level 10.0 Earth Magic
 - Level 15.0 Invocations


You had 18 spell levels left.
You knew the following spells:

 Your Spells              Type           Power      Damage    Failure   Level
a - Manifold Assault      Tloc           96%        N/A       1%          4
b - Passwall              Tmut/Erth      70%        N/A       1%          2
c - Frozen Ramparts       Ice            100%       1d16      1%          3
d - Summon Cactus Giant   Summ           49%        N/A       1%          6
e - Borgnjor's Vile Clut  Necr/Erth      37%        N/A       1%          5
f - Summon Hydra          Summ           49%        N/A       2%          7
g - Summon Forest         Summ/Tloc      48%        N/A       1%          5
i - Animate Dead          Necr           58%        N/A       2%          4
q - Wereblood             Tmut           83%        N/A       1%          2
w - Statue Form           Tmut/Erth      56%        N/A       3%          6

Your spell library contained the following spells:

 Spells                   Type           Power      Damage    Failure   Level
 Summon Small Mammal      Summ           100%       N/A       0%          1
 Call Canine Familiar     Summ           99%        N/A       0%          3
 Swiftness                Air            100%       N/A       0%          3
 Airstrike                Air            56%        2d(8-24)  0%          4
 Summon Lightning Spire   Summ/Air       100%       N/A       0%          4
 Beastly Appendage        Tmut           100%       N/A       1%          1
 Freeze                   Ice            100%       1d10      1%          1
 Necrotise                Necr           100%       1d9       1%          1
 Sandblast                Erth           100%       2d20      1%          1
 Shock                    Conj/Air       100%       1d9       1%          1
 Momentum Strike          Conj/Tloc      100%       3d10      1%          2
 Scorch                   Fire           72%        2d8       1%          2
 Searing Ray              Conj           72%        2d7       1%          2
 Static Discharge         Conj/Air       100%       2-7/arc   1%          2
 Sublimation of Blood     Necr           58%        N/A       1%          2
 Hailstorm                Conj/Ice       57%        3d12      1%          3
 Ignite Poison            Fire/Tmut/Pois 57%        N/A       1%          3
 Ozocubu's Armour         Ice            71%        N/A       1%          3
 Portal Projectile        Hex/Tloc       100%       N/A       1%          3
 Spider Form              Tmut/Pois      64%        N/A       1%          3
 Stone Arrow              Conj/Erth      100%       3d13      1%          3
 Summon Guardian Golem    Hex/Summ       75%        N/A       1%          3
 Vampiric Draining        Necr           58%        2d10      1%          3
 Animate Armour           Summ/Erth      100%       N/A       1%          4
 Leda's Liquefaction      Hex/Erth       33%        N/A       1%          4
 Petrify                  Tmut/Erth      85%        N/A       1%          4
 Summon Ice Beast         Ice/Summ       87%        N/A       1%          4
 Arcjolt                  Conj/Air       42%        1d52      1%          5
 Silence                  Hex/Air        42%        N/A       1%          5
 Summon Mana Viper        Hex/Summ       75%        N/A       1%          5
 Dispersal                Tloc           48%        N/A       1%          6
 Monstrous Menagerie      Summ           49%        N/A       2%          7
 Inner Flame              Hex/Fire       36%        N/A       3%          3
 Conjure Ball Lightning   Conj/Air       42%        3x3d15    3%          6
 Malign Gateway           Summ/Tloc      48%        N/A       3%          7
 Alistair's Intoxication  Tmut/Pois      42%        N/A       4%          5
 Agony                    Necr           58%        N/A       8%          5
 Metabolic Englaciation   Hex/Ice        28%        N/A       9%          5
 Flame Wave               Conj/Fire      36%        2d10      11%         4
 Fulminant Prism          Conj/Hex       18%        3d10      11%         4
 Sticky Flame             Conj/Fire      36%        2d6       11%         4
 Simulacrum               Ice/Necr       32%        N/A       22%         6
 Eringya's Noxious Bog    Tmut/Pois      32%        N/A       24%         6
 Fireball                 Conj/Fire      18%        3d9       28%         5
 Iskenderun's Battlesphe  Conj           36%        2d9       28%         5
 Disjunction              Tloc           48%        N/A       34%         8
 Orb of Destruction       Conj           18%        9d8       100%        7
 Borgnjor's Revivificati  Necr           29%        N/A       100%        8
 Ignition                 Fire           18%        3d7       100%        8
 Lehudib's Crystal Spear  Conj/Erth      33%        10d8      100%        8


Dungeon Overview and Level Annotations

Branches:
Dungeon (15/15) Zot: 6874  Temple (1/1) D:4 Zot: 804    Lair (5/5) D:10 Zot: 758
  Swamp (4/4) Lair:2 Zot: 2747   Snake (4/4) Lair:3 Zot: 1284   Slime (5/5) Lair:4 Zot: 3808
    Orc (2/2) D:9 Zot: 907     Elf (0/3) Orc:2        Vaults (5/5) D:13 Zot: 87
  Crypt (0/3) Vaults:3     Depths (4/4) D:15 Zot: 1531     Zot (0/5) Depths:4
  Sewer (visited)         Ossuary (visited)         Gauntlet (visited)

Altars:
Cheibriados
Dithmenos
Elyvilon
Hepliaklqana
Kikubaaqudgha
Makhleb
Okawaru
Ru
Sif Muna
Uskayaw
Vehumet
Yredelemnul
The Shining One
Jiyva

Shops:
D:12 *   D:14 [*   Orc:2 :(?*   Vaults:5 ?!*?[=   Depths:3 :==

Portals:
Hell: Depths:3 Depths:4
Abyss: Depths:2
Pandemonium: Depths:2
Trove: D:13 (give 6 scrolls of blinking)

Annotations:
D:5 Edmund
D:6 3 runed translucent doors, NimIero's ghost, novice TeAE


Innate Abilities, Weirdness & Mutations

You are a living statue of rough stone.
Your actions are slow, but your melee attacks are powerful.
You are resistant to unholy torment.
Your maximum health is greatly increased.
You are immune to poison.
Your equipment is partially melded.
You passively map a large area around you.
You are easily found by Zot.
You glow in the dark.
You regain HP and MP as you explore.
You sometimes lose your temper in combat.
Armour fits poorly on your strangely shaped body.
Your natural rate of healing is unusually fast.
You expend magic power (3 MP) to strengthen your wands.


Message History

Cheibriados thoroughly appreciates the change of pace.
Dolelog stings you!!
* * * LOW HITPOINT WARNING * * *
The chaos spawn barely misses you. You block the tormentor's attack. x2
Dolelog stings you but does no damage. The chaos spawn misses you.
The tormentor calls on the powers of darkness!
Your body is wracked with pain!
* * * LOW HITPOINT WARNING * * *
Unknown command.
You pulverise Dolelog!!!
Dolelog is heavily wounded.
You are no longer berserk.
You are exhausted.
You feel as though you will be slow longer.
You block Dolelog's attack. You block the tormentor's attack. x2
The chaos spawn misses you.
The chaos spawn hits you but does no damage.
Dolelog misses you.
Unknown command.
Unknown command.
Unknown command.
You are confused.
You feel invigorated. The tormentor completely misses you.
The tormentor misses you. Dolelog gestures at you. The bolt of acid hits you!
You resist.
* * * LOW HITPOINT WARNING * * *
The chaos spawn gores you but does no damage.
The chaos spawn completely misses you. The tormentor completely misses you.
The tormentor hits you.
* * * LOW HITPOINT WARNING * * *
You writhe in agony.
* * * LOW HITPOINT WARNING * * *
Dolelog closely misses you.
The chaos spawn completely misses you. x2
The tormentor hits you.
* * * LOW HITPOINT WARNING * * *
You writhe in agony.
* * * LOW HITPOINT WARNING * * *
The tormentor completely misses you. Dolelog stings you!!
You die...

* #. #.#....... , * *
#.* #.#....... ,
#.###.#....... *** *
*#.####............. ,
,,.........###.....⌠.,
*** ##.####.##
#.)..... , * * #. ##.#
#....... ,* ,
####.###..####.......
* *,
#.....28.......##.###
,, *
*#.....4&4......#*.# ,
#......).......# . , ,
, ,, ..(...##########*
* #..... * * ,** * *
#.....* * * , * , ,
....., * , , * ##### ,
.....,* * ,, #.... , .
, , , * , , ##...


You could see Dolelog (silencing, unsilenced), a tormentor (unsilenced) and 2
chaos spawn.

Vanquished Creatures
  the Royal Jelly (Slime:5)
  A seraph (Pan)
  A dread lich (Vaults:5)
  An ancient lich (Vaults:5)
  Mara (Depths:1)
  A juggernaut (Depths:4)
  Josephina (Depths:3)
  the Lernaean hydra (Swamp:4)
  3 caustic shrikes
  2 golden dragons
  A pearl dragon (Pan)
  2 Tzitzimimeh (Pan)
  An Ice Fiend (Pan)
  4 tentacled monstrosities
  A Brimstone Fiend (Pan)
  A Hell Sentinel (Pan)
  A walking crystal tome (Depths:2)
  Jorgrun (D:15)
  3 liches
  A hellephant (Zig:2)
  A walking earthen tome (Depths:4)
  8 acid blobs
  A deep elf blademaster (Zig:6)
  4 quicksilver dragons
  A walking divine tome (Depths:2)
  Gastronok (D:8)
  3 titans
  An Executioner (Abyss:4)
  4 sphinxes
  An ancient champion (Zig:4)
  A sphinx (shapeshifter) (Vaults:5)
  5 tentacled starspawn
  A storm dragon (Vaults:5)
  4 tengu reavers
  16 azure jellies
  3 daevas
  A revenant (Abyss:4)
  6 shadow dragons
  9 rockslimes (Slime:5)
  3 draconian knights
  4 fire giants
  7 nagarajas (Snake:4)
  10 frost giants
  11 vault wardens
  An iron dragon (Depths:2)
  A deep elf sorcerer (Vaults:3)
  A draconian scorcher (Zig:11)
  2 draconian shifters
  An orc warlord (Vaults:2)
  Louise (Depths:2)
  A curse skull (Zig:4)
  2 balrugs
  10 angels
  A cacodemon (Pan)
  9 ironbound preservers
  A broodmother (Zig:9)
  A draconian annihilator (Zig:11)
  5 stone giants
  4 draconian stormcallers (Zig:11)
  7 ophanim (Pan)
  A quicksilver ooze (shapeshifter) (Zig:6)
  An ironbound thunderhulk (Vaults:3)
  10 very ugly things
  2 war gargoyles (Vaults:5)
  2 eleionomae (Swamp:2)
  3 green draconians
  2 apis (Pan)
  A starflower (Abyss:4)
  2 quicksilver oozes (Slime:5)
  3 deep elf demonologists
  3 dire elephants
  2 deep elf annihilators (Vaults:5)
  2 black draconians
  A lorocyproca (Abyss:4)
  A minotaur (Gauntlet)
  3 red draconians
  2 spark wasps
  A purple draconian (Zig:11)
  A white draconian (Zig:11)
  2 bunyips
  2 blizzard demons (Abyss:4)
  3 green deaths
  An eidolon (D:14)
  4 yaktaur captains (Vaults:5)
  7 ettins
  A merfolk impaler (Abyss:4)
  An entropy weaver (Vaults:5)
  2 fire dragons
  2 jiangshi (Depths:3)
  5 great orbs of eyes
  A rakshasa (Depths:3)
  A quicksilver dragon skeleton (Abyss:4)
  A salamander tyrant (Snake:4)
  3 deep elf high priests
  20 vault guards (Vaults:5)
  10 hydras
  A catoblepas (D:14)
  4 ogre magi (Vaults:5)
  An ice dragon (Depths:4)
  3 spriggan air magi (Depths:4)
  2 ghost crabs (Swamp:3)
  2 anacondas (Snake:1)
  7 two-headed ogres
  A centaur warrior (D:14)
  A merfolk aquamancer (Zig:3)
  A boulder beetle (D:14)
  3 ironbound frosthearts (Vaults:2)
  5 naga warriors
  4 alligators
  2 deep troll shamans (Depths:4)
  4 death yaks (Lair:3)
  A deep troll earth mage (Vaults:5)
  5 hell knights
  A spriggan berserker (Depths:3)
  2 vampire magi
  A thrashing horror (Abyss:4)
  A skyshark (Lair:5)
  5 sun demons
  4 naga sharpshooters (Snake:4)
  4 shock serpents
  2 spriggans (Swamp:3)
  10 cherubim (Pan)
  2 sixfirhies (Pan)
  A wretched star (Abyss:4)
  6 deep trolls
  A pharaoh ant (Zig:9)
  A death drake (shapeshifter) (Abyss:4)
  2 iron trolls
  2 shadow wraiths (Zig:4)
  2 flayed ghosts
  A bog body (Swamp:4)
  A spriggan druid (Swamp:3)
  2 naga ritualists
  A spriggan simulacrum (Depths:3)
  Pikel (D:8)
  9 swamp dragons (Swamp:4)
  A shadow demon (Pan)
  A harpy (shapeshifter) (D:13)
  A sea snake (Zig:3)
  2 deep elf archers
  4 wizards
  3 glowing orange brains
  2 phantasmal warriors
  A lindwurm (Vaults:3)
  2 steelbarb worms (Zig:9)
  2 orc knights
  5 ironbound convokers
  9 ugly things
  4 wolf spiders
  A mana viper (Snake:1)
  3 deep elf pyromancers
  5 manticores
  2 shining eyes
  A moth of wrath (Zig:9)
  4 cyclopes
  2 guardian serpents
  30 slime creatures
  16 elephants
  4 salamanders
  A will-o-the-wisp (Swamp:2)
  A guardian serpent (shapeshifter) (D:13)
  13 black mambas
  4 smoke demons
  15 vault sentinels
  3 orange demons
  6 naga magi
  3 water nymphs
  A water nymph (shapeshifter) (Vaults:5)
  An unseen horror (D:12)
  A cane toad (shapeshifter) (D:14)
  A hellion (Abyss:4)
  12 cane toads
  A kobold demonologist (D:11)
  12 yaktaurs
  2 rime drakes
  4 komodo dragons
  A yaktaur (shapeshifter) (D:15)
  3 ancient zymes
  4 tormentors (Pan)
  5 freezing wraiths
  2 tengu conjurers
  3 efreet
  A troll (D:15)
  A hellwing (Pan)
  4 merfolk (Zig:10)
  2 red devils (Pan)
  2 tengu simulacra (Depths:3)
  A wind drake (Zig:10)
  3 hornets
  2 tyrant leeches
  2 polar bears (Lair:2)
  Prince Ribbit (D:9)
  2 blink frogs (Lair:5)
  A tarantella zombie (Zig:9)
  9 raiju
  A snapping turtle (Zig:3)
  2 shadows
  2 wraiths
  4 ynoxinuls
  7 wyverns
  2 basilisks
  13 starcursed masses (Abyss:4)
  27 yaks
  A water elemental (Zig:10)
  A fire elemental (Lair:2)
  A redback (Zig:9)
  3 steam dragons
  3 chaos spawn
  8 neqoxecs
  5 swamp worms
  19 nagas
  An acid dragon (D:13)
  7 large abominations
  19 water moccasins
  2 floating eyes
  6 swamp drakes
  An ice beast (D:6)
  10 orc warriors
  8 ogres
  4 centaurs
  4 lemures (D:8)
  2 phantoms
  2 kobold brigands
  7 bullfrogs
  A glowing shapeshifter simulacrum (Depths:3)
  A scorpion (D:6)
  12 wights
  4 killer bees (Gauntlet)
  4 howler monkeys
  5 small abominations
  2 orc priests
  A hound (D:6)
  5 jellies (Lair:4)
  A gnoll bouda (D:4)
  An iron imp (Abyss:4)
  3 iguanas
  6 orc wizards
  A boggart simulacrum (D:15)
  8 mummies (Ossuary)
  4 adders
  A river rat (D:4)
  2 worms (D:4)
  A dart slug (D:2)
  16 orcs
  A ball python (D:3)
  A bat skeleton (D:8)
  An endoplasm (D:2)
  A giant cockroach (D:4)
  3 goblins
  3 hobgoblins
  15 kobolds
  A quokka (D:4)
  9 bats
  A gnoll zombie (Ossuary)
  A hobgoblin zombie (Ossuary)
  2 kobold zombies (Ossuary)
  4 orc zombies (Ossuary)
  2 rats (D:4)
  A rat zombie (D:4)
  A starspawn tentacle (Abyss:4)
934 creatures vanquished.

Vanquished Creatures (collateral kills)
  Vashnia (Snake:4)
  2 caustic shrikes (Zig:8)
  A hellephant (Zig:5)
  A lich (Depths:2)
  A tentacled monstrosity (Vaults:5)
  2 titans (Vaults:5)
  2 acid blobs
  2 shadow dragons
  2 tengu reavers (Vaults:5)
  2 nagarajas
  4 frost giants
  2 azure jellies
  3 vault wardens
  A fire giant (Depths:1)
  An emperor scorpion (Zig:9)
  An angel (Pan)
  An orc warlord (Zig:7)
  8 stone giants
  An ophan (Pan)
  The ghost of Jisitzin the Unseen, a journeyman OpFi of Gozag (D:14)
  2 ironbound preservers (Vaults:5)
  3 very ugly things
  A vampire knight (Depths:2)
  An eleionoma (Swamp:4)
  A bunyip (Swamp:3)
  A yellow draconian (Depths:4)
  2 eidola (D:14)
  A deep elf death mage (Vaults:5)
  A blizzard demon (Abyss:4)
  2 ettins
  A merfolk javelineer (Zig:10)
  2 deep elf high priests
  2 merfolk impalers (Zig:10)
  3 yaktaur captains
  2 entropy weavers (Zig:9)
  2 great orbs of eyes
  3 fire dragons
  2 ice dragons (Depths:3)
  Fannar (D:12)
  2 ironbound frosthearts (Vaults:5)
  4 vault guards (Vaults:5)
  3 ogre magi
  6 hydras
  An alligator snapping turtle (Zig:10)
  A catoblepas (Lair:5)
  A boulder beetle (Orc:2)
  7 two-headed ogres
  A deep troll earth mage (Depths:3)
  2 dancing weapons (Zig:6)
  A deep troll shaman (Depths:1)
  2 alligators (Swamp:3)
  A tengu warrior (D:12)
  2 orc high priests (Orc:2)
  A spriggan berserker (Depths:1)
  6 death yaks
  4 hell knights (Depths:4)
  5 naga sharpshooters
  2 naga warriors (Snake:2)
  A shock serpent (Snake:4)
  A vampire mage (Depths:1)
  2 iron trolls
  A sun moth (Zig:9)
  An orb spider (Zig:9)
  A salamander mystic (Snake:4)
  3 spriggan druids
  2 flayed ghosts
  A naga ritualist (Snake:4)
  A sea snake (shapeshifter) (Depths:1)
  2 swamp dragons
  A deep elf archer (Zig:6)
  An ironbound convoker (Vaults:5)
  5 lindwurms
  6 deep trolls
  A necromancer (Vaults:5)
  3 orc knights
  3 phantasmal warriors (Vaults:5)
  2 orc sorcerers
  3 cyclopes
  5 ugly things
  A manticore (shapeshifter) (Vaults:5)
  5 manticores
  A will-o-the-wisp (Swamp:3)
  An oklob plant (Zig:8)
  A mana viper (Snake:4)
  9 elephants
  A merfolk siren (Zig:10)
  2 smoke demons (Abyss:4)
  A vault sentinel (Vaults:5)
  An eye of devastation (Slime:3)
  5 black mambas
  7 naga magi
  A guardian serpent (Snake:4)
  4 torpor snails
  2 cane toads
  2 rime drakes (Lair:5)
  A gargoyle (D:12)
  4 yaktaurs
  2 komodo dragons (Lair:4)
  2 freezing wraiths
  An unseen horror (D:12)
  A rime drake (shapeshifter) (Vaults:5)
  5 merfolk
  9 trolls
  A polar bear (shapeshifter) (Vaults:5)
  3 tyrant leeches
  2 hornets (Swamp:3)
  A nameless horror (Snake:4)
  A queen bee (Gauntlet)
  3 blink frogs (Lair:5)
  A tarantella (Zig:9)
  2 dream sheep (Lair:5)
  A wind drake (Zig:10)
  An air elemental (Zig:6)
  13 slime creatures
  2 snapping turtles (Zig:10)
  5 spriggans (Swamp:3)
  3 yaks
  A spriggan (shapeshifter) (D:15)
  A wyvern (Lair:5)
  A human (shapeshifter) (Vaults:5)
  A golden eye (Slime:5)
  A redback (Zig:9)
  A warg (Orc:2)
  An acid dragon (D:12)
  A naga (shapeshifter) (Vaults:5)
  4 swamp worms
  5 nagas
  A water moccasin (Lair:3)
  19 orc warriors
  2 swamp drakes (Swamp:4)
  A floating eye (Depths:4)
  15 ogres
  2 wolves (Lair:5)
  A centaur (D:12)
  3 bullfrogs
  A scorpion (Lair:3)
  A lava snake (Lair:2)
  A gnoll bouda (Zig:7)
  3 orc priests
  6 orc wizards
  24 orcs
375 creatures vanquished.

Vanquished Creatures (others)
  A juggernaut zombie (Depths:4)
  A quicksilver dragon zombie (Depths:4)
  4 very ugly thing zombies (Vaults:5)
  A naga sharpshooter (Snake:4)
  A storm dragon zombie (Vaults:5)
  A golden dragon zombie (Vaults:5)
  A spark wasp zombie (Depths:2)
  3 shadow dragon zombies
  2 swamp dragons (Swamp:4)
  A wizard (Vaults:2)
  2 tengu zombies
  An ugly thing zombie (Vaults:5)
  A sphinx zombie (Vaults:5)
  A draconian zombie (Depths:4)
  2 frost giant zombies
  7 stone giant zombies
  A salamander (Snake:4)
  22 human zombies
  A fire giant zombie (Vaults:5)
  A yaktaur zombie (Vaults:5)
  An orb spider zombie (Zig:9)
  A sea snake zombie (Zig:3)
  A redback zombie (Zig:9)
  An ice devil (Pan)
  A merfolk (Zig:10)
  A bloated husk (Swamp:3)
  A moth of wrath zombie (Zig:9)
  8 deep troll zombies
  A spriggan zombie (Depths:1)
  An ettin zombie (Depths:4)
  A fire dragon zombie (Depths:3)
  An elf zombie (Depths:4)
  A wind drake zombie (Zig:10)
  3 ogre zombies (Vaults:5)
  A naga (Snake:4)
  A water nymph zombie (Zig:10)
  A merfolk zombie (Zig:10)
  2 two-headed ogre zombies (Vaults:5)
  A troll zombie (Zig:7)
  A polar bear zombie (Vaults:5)
  An orc wizard (Orc:1)
  A naga zombie (Vaults:5)
  A gnoll zombie (Zig:7)
  An orc (Orc:1)
  5 orc zombies
  10 fungi
  29 plants
  14 snaplasher vines
  3 starspawn tentacles
150 creatures vanquished.

Grand Total: 1459 creatures vanquished

Notes
Turn   | Place    | Note
-------+----------+-------------------------------------------
     0 | D:1      | redmage the Meteoran Ice Elementalist began the quest for
                  | the Orb.
     0 | D:1      | Reached XP level 1. HP: 14/14 MP: 5/5
    61 | D:2      | Reached XP level 2. HP: 17/20 MP: 2/6
   194 | D:3      | Found a burning altar of Makhleb.
   194 | D:3      | Noticed a green death
   257 | D:3      | Reached XP level 3. HP: 22/26 MP: 4/8
   261 | D:3      | Learned a level 3 spell: Frozen Ramparts
   265 | D:3      | Learned a level 3 spell: Ozocubu's Armour
   308 | D:4      | Found a staircase to the Ecumenical Temple.
   312 | Temple   | Entered the Ecumenical Temple
   352 | Temple   | Became a worshipper of Cheibriados the Contemplative
   409 | D:4      | Reached skill level 1 in Unarmed Combat
   426 | D:4      | Found a glowing drain.
   431 | D:4      | Reached XP level 4. HP: 26/33 MP: 4/9
   435 | Sewer    | Entered a sewer
   441 | Sewer    | Reached skill level 2 in Unarmed Combat
   458 | Sewer    | Noticed a water moccasin
   469 | Sewer    | Killed a water moccasin
   470 | Sewer    | Reached skill level 4 in Unarmed Combat
   470 | Sewer    | Reached skill level 5 in Ice Magic
   470 | Sewer    | Reached XP level 5. HP: 33/38 MP: 3/10
   561 | D:5      | Entered Level 5 of the Dungeon
   561 | D:5      | Noticed Edmund
   667 | D:4      | Reached XP level 6. HP: 45/45 MP: 6/11
   684 | D:4      | Found a sand-covered staircase.
   714 | Ossuary  | Entered an ossuary
   769 | Ossuary  | Reached * piety under Cheibriados
   771 | Ossuary  | Reached skill level 5 in Unarmed Combat
   956 | D:4      | Found a glowing golden altar of the Shining One.
   956 | D:4      | Found a white marble altar of Elyvilon.
   991 | D:4      | Reached skill level 1 in Armour
   991 | D:4      | Reached XP level 7. HP: 36/51 MP: 12/12
  1027 | D:6      | Reached skill level 1 in Fighting
  1067 | D:6      | Reached skill level 6 in Unarmed Combat
  1071 | D:6      | Found a runed translucent gate.
  1071 | D:6      | Found a runed translucent gate.
  1071 | D:6      | Found a runed translucent gate.
  1073 | D:6      | Noticed NimIero's ghost (novice TeAE)
  1087 | D:6      | Noticed a steam dragon
  1096 | D:6      | Killed a steam dragon
  1097 | D:6      | Reached XP level 8. HP: 24/61 MP: 10/13
  1203 | D:6      | Reached skill level 7 in Unarmed Combat
  1323 | D:7      | Gained mutation: You passively map the area around you.
                  | [Meteoran growth]
  1323 | D:7      | Reached XP level 9. HP: 59/70 MP: 10/14
  1340 | D:8      | Reached skill level 5 in Dodging
  1340 | D:8      | Reached skill level 8 in Unarmed Combat
  1341 | D:8      | Reached ** piety under Cheibriados
  1350 | D:7      | Found a shimmering blue altar of Sif Muna.
  1361 | D:8      | Noticed Gastronok
  1395 | D:7      | Reached skill level 9 in Unarmed Combat
  1440 | D:8      | Killed Gastronok
  1441 | D:8      | Reached skill level 11 in Unarmed Combat
  1441 | D:8      | Reached XP level 10. HP: 36/77 MP: 8/15
  1494 | D:8      | Noticed Pikel
  1496 | D:8      | Noticed a two-headed ogre
  1517 | D:8      | Killed a two-headed ogre
  1518 | D:8      | Reached skill level 12 in Unarmed Combat
  1519 | D:8      | Killed Pikel
  1650 | D:8      | Learned a level 4 spell: Summon Ice Beast
  1709 | D:9      | Reached *** piety under Cheibriados
  1710 | D:9      | Reached skill level 1 in Summonings
  1710 | D:9      | Reached skill level 1 in Invocations
  1713 | D:9      | Reached XP level 11. HP: 77/83 MP: 10/16
  1822 | D:10     | Entered Level 10 of the Dungeon
  1827 | D:10     | Reached skill level 5 in Summonings
  1841 | D:10     | Reached skill level 5 in Fighting
  1889 | D:9      | Reached skill level 5 in Invocations
  1891 | D:9      | Reached **** piety under Cheibriados
  1891 | D:9      | Noticed Prince Ribbit
  1899 | D:9      | Killed Prince Ribbit
  1992 | D:10     | Reached skill level 10 in Dodging
  1997 | D:10     | Reached skill level 13 in Unarmed Combat
  2007 | D:10     | Reached XP level 12. HP: 87/96 MP: 9/18
  2015 | D:10     | Found a staircase to the Lair.
  2044 | Lair:1   | Entered Level 1 of the Lair of Beasts
  2069 | Lair:1   | Found a shimmering blue altar of Sif Muna.
  2201 | Lair:1   | Identified a scroll of acquirement
  2201 | Lair:1   | Acquired a book of Blood
  2206 | Lair:1   | Learned a level 2 spell: Wereblood
  2235 | Lair:1   | Reached skill level 1 in Transmutations
  2305 | Lair:2   | Reached ***** piety under Cheibriados
  2365 | Lair:3   | Noticed a death yak
  2365 | Lair:3   | Noticed a death yak
  2367 | Lair:3   | Noticed a death yak
  2492 | Lair:3   | Reached skill level 10 in Summonings
  2498 | Lair:3   | Reached XP level 13. HP: 92/103 MP: 5/20
  2524 | Lair:4   | Noticed a death yak
  2524 | Lair:4   | Noticed a death yak
  2524 | Lair:4   | Noticed a death yak
  2524 | Lair:4   | Noticed a death yak
  2531 | Lair:3   | Killed a death yak
  2537 | Lair:3   | Killed a death yak
  2546 | Lair:3   | Learned a level 7 spell: Summon Hydra
  2658 | Lair:2   | Found a staircase to the Swamp.
  2786 | Lair:3   | Noticed a death yak
  2836 | Lair:3   | Killed a death yak
  2838 | Lair:3   | Killed a death yak
  2840 | Lair:3   | Killed a death yak
  2842 | Lair:3   | Killed a death yak
  2950 | Lair:4   | Reached ****** piety under Cheibriados
  2952 | Lair:4   | Found a staircase to the Slime Pits.
  2952 | Lair:4   | Found a viscous altar of Jiyva.
  3035 | Lair:4   | Reached skill level 5 in Spellcasting
  3043 | Lair:4   | Identified the +2 rapier of Sin {heavy, rN++ rCorr Int+2}
  3067 | Lair:4   | Learned a level 3 spell: Call Canine Familiar
  3091 | Lair:4   | Learned a level 5 spell: Summon Forest
  3103 | Lair:5   | Entered Level 5 of the Lair of Beasts
  3147 | Lair:5   | Reached XP level 14. HP: 96/114 MP: 13/26
  3240 | Lair:5   | Learned a level 6 spell: Summon Cactus Giant
  3294 | Lair:5   | Reached skill level 10 in Spellcasting
  3319 | Lair:5   | Identified the +5 sling "Nasob" {heavy, Will++ Int-4 Dex+3
                  | Stlth+}
  3331 | Lair:5   | Reached skill level 5 in Armour
  3797 | D:9      | Found a staircase to the Orcish Mines.
  3805 | Orc:1    | Entered Level 1 of the Orcish Mines
  3928 | Orc:2    | Entered Level 2 of the Orcish Mines
  4024 | Orc:2    | Reached skill level 10 in Invocations
  4046 | Orc:2    | Found a staircase to the Elven Halls.
  4056 | Orc:2    | Reached XP level 15. HP: 123/123 MP: 16/30
  4146 | Orc:2    | Reached skill level 14 in Unarmed Combat
  4226 | Orc:2    | Found Mujigux's Weapon Emporium.
  4259 | Orc:2    | Found Veokk's Book Shoppe.
  4262 | Orc:2    | Found Fiahal's Magic Scroll Boutique.
  4267 | Orc:2    | Found Coam's General Store.
  4283 | Orc:2    | Bought Otsiv's Folio of the Geologist for 506 gold pieces
  4283 | Orc:2    | Bought a scroll of teleportation for 33 gold pieces
  4283 | Orc:2    | Bought a potion of might for 44 gold pieces
  4283 | Orc:2    | Bought a scroll of blinking for 82 gold pieces
  4285 | Orc:2    | Learned a level 1 spell: Sandblast
  4290 | Orc:2    | Bought a scroll of fog for 56 gold pieces
  4290 | Orc:2    | Bought a scroll of teleportation for 42 gold pieces
  4611 | D:12     | Reached skill level 5 in Transmutations
  4619 | D:12     | Noticed Fannar
  4626 | D:12     | Killed Fannar
  4649 | D:12     | Found Yfuf's General Store.
  4659 | D:12     | Bought a scroll of amnesia for 68 gold pieces
  4659 | D:12     | Bought a potion of heal wounds for 85 gold pieces
  4659 | D:12     | Bought a scroll of identify for 34 gold pieces
  4659 | D:12     | Bought a potion of mutation for 136 gold pieces
  4667 | D:12     | Found a gate leading to a gauntlet.
  4674 | Gauntlet | Entered a Gauntlet
  4674 | Gauntlet | Found a transporter.
  4674 | Gauntlet | Found a transporter.
  4674 | Gauntlet | Found a transporter.
  4678 | Gauntlet | Found a transporter.
  4678 | Gauntlet | Found a transporter.
  4678 | Gauntlet | Found a transporter.
  4685 | Gauntlet | Noticed a reaper
  4688 | Gauntlet | Found the +3 giant club "Skullcrusher" {speed, Str+7}
  4689 | Gauntlet | Found a transporter.
  4726 | Gauntlet | Learned a level 6 spell: Statue Form
  4745 | Gauntlet | Identified the staff of conjuration "Darruluj" {Will+
                  | Dex+2}
  4753 | Gauntlet | Found a transporter.
  4765 | Gauntlet | Found a transporter.
  4770 | Gauntlet | Identified the amulet "Gapiamat" {Spirit rN+}
  4789 | Gauntlet | Found a transporter.
  4804 | Gauntlet | Identified the +9 war axe "Eviscerator" {heavy, *Noise
                  | Int+4}
  4810 | Gauntlet | Reached skill level 1 in Earth Magic
  4822 | Gauntlet | Identified the +0 leather armour of the Komodo Dragon {rF+
                  | Str+4}
  4823 | Gauntlet | Got the Essays on Evil Doom
  4825 | Gauntlet | Identified the ring "Ryafi" {Wiz Int+3 Dex+2}
  5036 | Swamp:1  | Entered Level 1 of the Swamp
  5075 | Swamp:3  | Reached XP level 16. HP: 132/132 MP: 25/31
  5094 | Swamp:4  | Entered Level 4 of the Swamp
  5111 | Swamp:4  | Reached skill level 5 in Earth Magic
  5238 | Swamp:4  | Learned a level 5 spell: Borgnjor's Vile Clutch
  5274 | Swamp:4  | Reached skill level 1 in Necromancy
  5277 | Swamp:4  | Reached skill level 1 in Shields
  5301 | Swamp:4  | Noticed the 27-headed Lernaean hydra
  5306 | Swamp:4  | Killed the 27-headed Lernaean hydra
  5311 | Swamp:4  | Reached XP level 17. HP: 136/139 MP: 24/34
  5347 | Swamp:4  | Got a decaying rune of Zot
  5508 | Lair:3   | Found a staircase to the Snake Pit.
  5514 | Snake:1  | Entered Level 1 of the Snake Pit
  5666 | Snake:1  | Identified the +6 hand axe of True Grit {drain, Str+3}
  5673 | Snake:1  | Reached skill level 10 in Fighting
  5732 | Snake:2  | Noticed a nagaraja
  5738 | Snake:2  | Killed a nagaraja
  5739 | Snake:2  | Reached skill level 15 in Unarmed Combat
  5787 | Snake:2  | Identified the +4 dagger of Extremism {heavy, Int+3}
  5889 | Snake:2  | Found a radiant altar of Vehumet.
  6039 | Snake:3  | Reached skill level 1 in Translocations
  6043 | Snake:3  | Reached skill level 5 in Shields
  6057 | Snake:4  | Entered Level 4 of the Snake Pit
  6107 | Snake:4  | Noticed Vashnia
  6117 | Snake:4  | Reached skill level 10 in Earth Magic
  6118 | Snake:4  | Killed Vashnia
  6187 | Snake:4  | Noticed a nagaraja
  6191 | Snake:4  | Killed a nagaraja
  6201 | Snake:4  | Noticed a nagaraja
  6209 | Snake:4  | Killed a nagaraja
  6244 | Snake:4  | Noticed a nagaraja
  6248 | Snake:4  | Gained mutation: You passively map a large area around you.
                  | [Meteoran growth]
  6248 | Snake:4  | Reached XP level 18. HP: 149/149 MP: 35/35
  6251 | Snake:4  | Reached skill level 5 in Translocations
  6259 | Snake:4  | Learned a level 4 spell: Manifold Assault
  6349 | Snake:4  | Got a serpentine rune of Zot
  6735 | D:14     | Found a runed translucent gate.
  6737 | D:14     | Found a runed translucent gate.
  6738 | D:14     | Found a runed translucent gate.
  6741 | D:14     | Noticed Jisitzin's ghost (journeyman OpFi)
  6756 | D:14     | Killed Jisitzin's ghost
  6769 | D:14     | Identified the +0 pair of gloves "Qaic" {rC- Str+3 Int+2
                  | Dex+6}
  6817 | D:15     | Entered Level 15 of the Dungeon
  6858 | D:15     | Found a staircase to the Depths.
  6987 | D:15     | Noticed Jorgrun
  6991 | D:15     | Killed Jorgrun
  7273 | D:13     | Found a portal to a secret trove of treasure.
  7304 | D:13     | Learned a level 2 spell: Passwall
  7364 | D:14     | Found Mieseuca's Antique Armour Emporium.
  7373 | D:14     | Reached skill level 10 in Translocations
  7821 | D:14     | Found Dihoh's Blood Bar.
  7958 | D:13     | Found a gate to the Vaults.
  7973 | Vaults:1 | Entered Level 1 of the Vaults
  8101 | Vaults:2 | Reached XP level 19. HP: 156/156 MP: 36/38
  8268 | Vaults:2 | You fall into a shaft and drop 1 floor!
  8317 | Vaults:3 | Reached skill level 10 in Shields
  8637 | Vaults:2 | Noticed an Ice Fiend
  8639 | Vaults:2 | Noticed a Hell Sentinel
  8660 | Vaults:2 | Reached skill level 15 in Spellcasting
  8682 | Vaults:2 | Identified the staff of air "Lianabui" {rElec Str-2 Dex+4}
  8850 | Vaults:2 | Learned a level 4 spell: Animate Dead
  9031 | Vaults:3 | Found a staircase to the Crypt.
  9031 | Vaults:3 | Found an ancient bone altar of Kikubaaqudgha.
  9032 | Vaults:3 | Found a basalt altar of Yredelemnul.
  9291 | Vaults:5 | Entered Level 5 of the Vaults
  9292 | Vaults:5 | Noticed a dread lich
  9292 | Vaults:5 | Noticed a tentacled monstrosity
  9292 | Vaults:5 | Noticed an ancient lich
  9293 | Vaults:5 | Noticed a tentacled monstrosity
  9300 | Vaults:5 | Killed an ancient lich
  9301 | Vaults:5 | Reached XP level 20. HP: 162/162 MP: 41/41
  9302 | Vaults:5 | Noticed a Tzitzimitl
  9303 | Vaults:5 | Noticed a lich
  9305 | Vaults:5 | Killed a tentacled monstrosity
  9309 | Vaults:5 | Killed a dread lich
  9313 | Vaults:5 | Killed a tentacled monstrosity
  9324 | Vaults:5 | Killed a lich
  9391 | Vaults:5 | Got a silver rune of Zot
  9449 | Vaults:5 | Noticed a lich
  9452 | Vaults:5 | Killed a lich
  9470 | Vaults:5 | Reached skill level 16 in Unarmed Combat
  9538 | Vaults:5 | Reached XP level 21. HP: 171/171 MP: 33/44
  9580 | Vaults:5 | Noticed a tentacled monstrosity
  9581 | Vaults:5 | Noticed a golden dragon
  9646 | Vaults:5 | Reached skill level 17 in Unarmed Combat
  9731 | Vaults:5 | Found Duazuk Wuit's Antique Armour Shoppe.
  9773 | Vaults:5 | Found Oliul's Jewellery Shop.
  9780 | Vaults:5 | Bought the ring "Bopunuh" {rN+ rCorr Int+2 Stlth-} for 646
                  | gold pieces
  9780 | Vaults:5 | Bought a ring of protection from cold for 475 gold pieces
  9831 | Vaults:5 | Killed a golden dragon
  9839 | Vaults:5 | Killed a tentacled monstrosity
  9858 | Vaults:5 | Found Tuur's General Store.
  9864 | Vaults:5 | Bought a potion of curing for 48 gold pieces
  9916 | Vaults:5 | Found Cuurryaj's Magic Scroll Shop.
  9920 | Vaults:5 | Bought a scroll of teleportation for 39 gold pieces
  9920 | Vaults:5 | Bought a scroll of blinking for 97 gold pieces
  9920 | Vaults:5 | Bought a scroll of enchant armour for 97 gold pieces
  9920 | Vaults:5 | Bought a scroll of immolation for 52 gold pieces
  9920 | Vaults:5 | Bought a scroll of fog for 52 gold pieces
  9935 | Vaults:5 | Found Quxen's Distillery.
  9935 | Vaults:5 | Found Hymiups's Magic Scroll Emporium.
  9989 | Vaults:4 | Glimpsed the power of Zot.
 10015 | Vaults:3 | Glimpsed the power of Zot.
 10036 | Vaults:3 | Glimpsed the power of Zot.
 10041 | Vaults:3 | Touched by the power of Zot.
 10144 | Vaults:3 | Glimpsed the power of Zot.
 10170 | Vaults:2 | Glimpsed the power of Zot.
 10191 | Vaults:2 | Glimpsed the power of Zot.
 10199 | Vaults:2 | Touched by the power of Zot.
 10226 | Vaults:2 | Reached XP level 22. HP: 110/110 MP: 45/45
 10289 | Vaults:1 | Glimpsed the power of Zot.
 10562 | Slime:1  | Entered Level 1 of the Pits of Slime
 10637 | Slime:3  | Gained mutation: Armour fits poorly on your strangely
                  | shaped body. [a shining eye]
 10641 | Slime:3  | Gained mutation: You are frail. (-10% HP) [a shining eye]
 10643 | Slime:3  | Reached skill level 18 in Unarmed Combat
 10652 | Slime:3  | Found a viscous altar of Jiyva.
 10676 | Slime:5  | Entered Level 5 of the Pits of Slime
 10693 | Slime:5  | Noticed the Royal Jelly
 10695 | Slime:5  | Found a viscous altar of Jiyva.
 10717 | Slime:5  | Killed the Royal Jelly
 10718 | Slime:5  | Reached skill level 15 in Shields
 10776 | Slime:5  | Identified the ring of Greed {rC+ rCorr MP+9}
 10779 | Slime:5  | Got the Papyrus of Fulmination
 10818 | Slime:5  | Identified the +1 robe of Experimentation {Will+ Regen+
                  | rCorr}
 10840 | Slime:5  | Got a slimy rune of Zot
 10861 | Slime:5  | Identified the ring of the Dozen Beggars {rN+ Str+3 Stlth+}
 10866 | Slime:5  | Identified the staff of cold "Hath" {*Corrode rF+ rC+ Dex+4
                  | Stlth+}
 11177 | Depths:1 | Entered Level 1 of the Depths
 11202 | Depths:1 | Noticed Mara
 11204 | Depths:1 | Noticed redmage's illusion
 11209 | Depths:1 | Reached skill level 19 in Unarmed Combat
 11212 | Depths:1 | Killed Mara
 11237 | Depths:1 | Lost mutation: You are frail. (-10% HP) [potion of
                  | mutation]
 11237 | Depths:1 | Lost mutation: Armour fits poorly on your strangely shaped
                  | body. [potion of mutation]
 11237 | Depths:1 | Gained mutation: You expend magic power (3 MP) to
                  | strengthen your wands. [potion of mutation]
 11237 | Depths:1 | Gained mutation: Your magical capacity is low. (-10% MP)
                  | [potion of mutation]
 11237 | Depths:1 | Gained mutation: Your flesh is heat resistant. (rF+)
                  | [potion of mutation]
 11307 | Depths:3 | Gained mutation: You do not regenerate when monsters are
                  | visible. [a neqoxec]
 11326 | Depths:3 | Reached XP level 23. HP: 121/121 MP: 39/41
 11330 | Depths:3 | Lost mutation: Your flesh is heat resistant. (rF+) [potion
                  | of mutation]
 11330 | Depths:3 | Lost mutation: Your magical capacity is low. (-10% MP)
                  | [potion of mutation]
 11330 | Depths:3 | Lost mutation: You do not regenerate when monsters are
                  | visible. [potion of mutation]
 11330 | Depths:3 | Gained mutation: Your natural rate of healing is unusually
                  | fast. [potion of mutation]
 11330 | Depths:3 | Gained mutation: You sometimes lose your temper in combat.
                  | [potion of mutation]
 11330 | Depths:3 | Gained mutation: Armour fits poorly on your strangely
                  | shaped body. [potion of mutation]
 11331 | Depths:3 | Identified the ring of the Stallion {Ice Dex+2}
 11331 | Depths:3 | Noticed Josephina
 11341 | Depths:3 | Killed Josephina
 11342 | Depths:3 | Reached skill level 15 in Dodging
 11350 | Depths:3 | Found a one-way gateway to a ziggurat.
 11367 | Depths:3 | Found Kogoygag's Book Boutique.
 11367 | Depths:3 | Found Uricwoogh's Jewellery Shoppe.
 11369 | Depths:3 | Found Xaetygim's Jewellery Shoppe.
 11411 | Zig:1    | Entered Level 1 of a ziggurat
 11438 | Zig:2    | Entered Level 2 of a ziggurat
 11467 | Zig:3    | Entered Level 3 of a ziggurat
 11505 | Zig:4    | Entered Level 4 of a ziggurat
 11522 | Zig:4    | Reached skill level 1 in Air Magic
 11552 | Zig:5    | Entered Level 5 of a ziggurat
 11577 | Zig:5    | Reached skill level 20 in Unarmed Combat
 11577 | Zig:5    | Reached XP level 24. HP: 130/130 MP: 46/46
 11582 | Zig:6    | Entered Level 6 of a ziggurat
 11629 | Zig:7    | Entered Level 7 of a ziggurat
 11647 | Zig:7    | Reached skill level 5 in Air Magic
 11647 | Zig:7    | Found the +8 demon blade "Leech" {evervamp, Harm Drain rN+}
 11674 | Zig:8    | Entered Level 8 of a ziggurat
 11675 | Zig:8    | Noticed a caustic shrike
 11676 | Zig:8    | Noticed a caustic shrike
 11678 | Zig:8    | Noticed a caustic shrike
 11680 | Zig:8    | Killed a caustic shrike
 11684 | Zig:8    | Killed a caustic shrike
 11684 | Zig:8    | Killed a caustic shrike
 11689 | Zig:8    | Found the +7 Spriggan's Knife {stab, EV+4 Stlth+}
 11697 | Zig:8    | Identified the +5 arbalest of Gotucukh {freeze, rC++ rN+}
 11713 | Zig:8    | Identified the +1 chain mail of the Stone Wall {+Inv rElec
                  | rF- rCorr}
 11731 | Zig:9    | Entered Level 9 of a ziggurat
 11738 | Zig:9    | Found the amulet of Vitality {RegenMP++ Regen++}
 11753 | Zig:9    | Identified the staff of fire "Ydduakk" {rF+ Will+}
 11763 | Zig:9    | Identified the ring "Buulijiy" {rC+ rCorr Int-3 Dex+6}
 11794 | Zig:10   | Entered Level 10 of a ziggurat
 11805 | Zig:10   | Found the +10 Black Knight's barding {ponderous, rPois rN+}
 11833 | Zig:10   | Identified the staff of earth "Yroza" {Fragile +Blink rF+
                  | rCorr}
 11841 | Zig:11   | Entered Level 11 of a ziggurat
 11852 | Zig:11   | Found the +7 captain's cutlass {speed, disarm}
 11867 | Zig:11   | Got Gloorx Vloq's Secrets of Ectoplasm
 11868 | Zig:11   | Identified the +1 dagger of Superiority {vamp, Will+
                  | Stlth+}
 11872 | Zig:11   | Got the Compilation of Fuming Phantasms
 11876 | Zig:11   | Identified the +12 dagger of Nimoan {heavy, rPois Int+2}
 11910 | Depths:3 | Bought the ring of Tojicile {rPois rF+ rC+ Int-4 SInv} for
                  | 604 gold pieces
 11981 | Depths:3 | Reached XP level 25. HP: 139/139 MP: 46/46
 11982 | Depths:3 | Reached skill level 10 in Air Magic
 11982 | Depths:3 | Reached XP level 26. HP: 147/147 MP: 46/46
 12028 | Depths:3 | Found a gateway to Hell.
 12042 | Depths:3 | Noticed a caustic shrike
 12043 | Depths:3 | Noticed a caustic shrike
 12048 | Depths:3 | Killed a caustic shrike
 12058 | Depths:3 | Killed a caustic shrike
 12132 | Depths:4 | Entered Level 4 of the Depths
 12165 | Depths:4 | Paralysed by a floating eye for 3 turns
 12236 | Depths:4 | Noticed a juggernaut
 12245 | Depths:4 | Killed a juggernaut
 12246 | Depths:4 | Reached skill level 15 in Fighting
 12308 | Depths:4 | Reached skill level 15 in Invocations
 12319 | Depths:4 | Found a gate to the Realm of Zot.
 12463 | Depths:2 | Found a one-way gate leading to the halls of Pandemonium.
 12490 | Depths:2 | Identified the +2 scale mail of Oblivion {rF- Will+ Regen+
                  | Slay+2}
 12559 | Depths:2 | Found a one-way gate to the infinite horrors of the Abyss.
 12559 | Depths:2 | Noticed Louise
 12565 | Depths:2 | Killed Louise
 12586 | Depths:2 | Voluntarily entered the Abyss.
 12586 | Abyss:1  | Found a corrupted altar of Lugonu.
 12813 | Abyss:4  | Found a corrupted altar of Lugonu.
 12927 | Abyss:4  | Reached XP level 27. HP: 156/156 MP: 36/46
 12951 | Abyss:4  | Found a shadowy altar of Dithmenos.
 12986 | Abyss:4  | Reached skill level 15 in Air Magic
 13065 | Abyss:4  | Got an abyssal rune of Zot
 13159 | Abyss:4  | Found a corrupted altar of Lugonu.
 13167 | Depths:2 | Escaped the Abyss
 13193 | Pan      | Entered Pandemonium
 13287 | Pan      | Identified the +1 ring mail "Peciobbe" {rPois Will+ Regen+
                  | Stlth-}
 13328 | Pan      | Noticed a seraph
 13336 | Pan      | Killed a seraph
 13340 | Pan      | Found a glowing golden altar of the Shining One.
 13354 | Pan      | Got a demonic rune of Zot
 13359 | Pan      | Identified the staff of air "Zocann" {rElec rN+}
 13586 | Pan      | Glimpsed the power of Zot.
 13615 | Pan      | Glimpsed the power of Zot.
 13628 | Pan      | Glimpsed the power of Zot.
 13671 | Pan      | Found a runed translucent door.
 13842 | Pan      | Noticed Dolelog the pandemonium lord
 13851 | Pan      | Mangled by Dolelog the pandemonium lord

Illustrated notes

Levels and vault maps discovered:
D:1:      shiori_arrival_elements, layout_basic, ebering_ecumenical_altar_box,
          serial_bayou_ford_a
D:2:      minmay_wonky_spiral, layout_basic, minmay_pentomino_u2
D:3:      layout_loops_ring, makhleb_altar_promises_db, jmf_multi_god_temple
D:4:      layout_rooms, dreamdust_divine_triumvirate,
          minmay_temple_entry_glassed_door, gup_sewer_entry_bubbles,
          enter_ossuary_3, hangedman_glass_teeth,
          chequers_serial_rivers_small_3, kennysheep_generic_room_13
D:5:      layout_basic, kennysheep_mini, feat_on_display, uniq_edmund,
          uniq_eustachio
D:6:      layout_basic, gammafunk_ghost_nasty_kobolds, grunt_ministairs_7
D:7:      layout_gridville, nicolae_sif_muna_condensation,
          minmay_fractal_squares_5
D:8:      layout_cave_pools, kennysheep_vampire_church, uniq_gastronok,
          uniq_pikel
D:9:      layout_loops_ring, orc_0_dummy, uniq_erolcha, uniq_prince_ribbit1
D:10:     layout_loops_ring, minmay_lair_entry_grove
D:11:     layout_stronghold, chequers_big_river
D:12:     layout_cave_pools, serial_shops, shop, gauntlet_entry_generic,
          uniq_fannar
D:13:     layout_rooms, david_vaults_4, enter_trove_2, trog_three_pillars_becter
D:14:     layout_loops_corners, gammafunk_ghost_spectres, serial_shops,
          nicolae_shop_advertising_works [nicolae_subvault_shop_adworks],
          guppyfry_shop_blood
D:15:     hangedman_depths_entry_try_elsewhere_first, layout_layer_cave,
          uniq_jorgrun
Temple:   oiseaux_autumnal_temple
Lair:1:   layout_loops_ring, basic_altar
Lair:2:   layout_gridlike, swamp_mist
Lair:3:   layout_misc_corridors, minmay_snake_entry_guardpost_medium
Lair:4:   layout_cellular_growth, nicolae_slime_entry_field_trip,
          beast_lair_carwin_1
Lair:5:   hangedman_lair_in_review, layout_cave_pods
Swamp:1:  layout_falls_marsh, evilmike_swamp_ruin_rubble_1,
          hangedman_swamp_cone, uniq_nikola
Swamp:2:  layout_falls_marsh, nicolae_swamp_triple_paths
Swamp:3:  layout_basic_swamp, evilmike_swamp_ruin_house_6
Swamp:4:  swamp_old_school, layout_basic_swamp, swamp_pool1, uniq_mlioglotl
Snake:1:  layout_chambers, corexii_hall_statues_i
Snake:2:  layout_honeycomb, basic_altar, guppyfry_library_mini
Snake:3:  layout_cave_town, minmay_shop_star, uniq_aizul, uniq_bai_suzhen
Snake:4:  grunt_snake_rune_spirals, layout_onion, uniq_vashnia
Slime:1:  layout_caves
Slime:2:  layout_caves
Slime:3:  layout_caves, basic_altar
Slime:4:  layout_caves
Slime:5
Orc:1:    layout_diamond_mine, serial_shops, nicolae_shop_tiny_statue_garden
Orc:2:    st_orc_open, layout_caves, rock_pile
Vaults:1: v_misc_30, ontoclasm_vaults_gateway, nicolae_vaults_ring_of_whatevers,
          nicolae_vaults_trapezoid_lopsided_3,
          nicolae_vaults_doubleplus_tesselated, vaults_room_large_hall,
          v_pattern_1, nicolae_vaults_trapezoid_4,
          nicolae_vaults_little_squares_5, nicolae_vaults_apartment_2,
          nicolae_vaults_three_branches, nicolae_vaults_trapezoid_lopsided_1,
          nicolae_vaults_more_shelving_1, ontoclasm_vaults_chip,
          nicolae_vaults_little_squares_5, nicolae_vaults_storage_room_statues,
          layout_vaults_ring
Vaults:2: nicolae_vaults_disappearing_quadrants,
          nicolae_vaults_little_squares_4, nicolae_vaults_alarming,
          nicolae_vaults_tangram_2, hangedman_vaults_cutoff, v_alt_pattern_6,
          vaults_mumra_minichess, hangedman_vaults_impose, vaults_mumra_lcd,
          nicolae_vaults_octothorpe, vaults_room_grunt_arrival_ludios,
          nicolae_vaults_closet_pinwheel_1, vaults_dpeg_hooks,
          nicolae_vaults_prndl, layout_vaults_omnibox
Vaults:3: st_cells, nicolae_vaults_octothorpe, nicolae_vaults_house_1,
          nicolae_vaults_network_s, nicolae_vaults_double_plus_1,
          nicolae_vaults_octothorpe, nicolae_vaults_six-pack,
          minmay_crypt_entry_necro_gods, nicolae_vaults_network_square,
          nicolae_vaults_trapezoid_1, dpeg_vaults_monster_box, vaults_dpeg_ring,
          layout_vaults_omnigrid
Vaults:4: infiniplex_enter_wizlab_water, vaults_room_door_ring,
          dpeg_vaults_monster_row, ontoclasm_vaults_chip,
          nicolae_vaults_steering_wheel, nicolae_vaults_lopsided_apartments,
          v_misc_30, ontoclasm_vaults_tryst, nicolae_vaults_storage_closets_3,
          vaults_mumra_minichess_inversion, nicolae_vaults_trapezoid_layered,
          nicolae_vaults_trapezoid_lopsided_2, vaults_dpeg_spiral,
          layout_vaults_omnicross, serial_shops, nicolae_shop_hallway_stairs
Vaults:5
Depths:1: layout_cave_pools, hell_entry, nicolae_shop_gadgets, uniq_mara
Depths:2: minmay_strange_plus, layout_gridlike, pan_entry,
          kennysheep_pointless_box, nicolae_abyss_entry_one_way_or_another,
          grunt_mini_vestibule, chequers_jeans
Depths:3: minmay_nine_rooms, layout_cave_pools, enter_ziggurat_a,
          marbit_kobold_abyss_entry, grunt_pan_entry_sceptre, hell_entry,
          chequers_serial_rivers_marsh, minmay_statues_item, grunt_ministairs_8,
          minmay_shop_grove, serial_bayou_shore_b,
          infiniplex_staircase_spiral_double, uniq_josephina
Depths:4: grunt_zot_entry_alcove, layout_gridville,
          chequers_serial_rivers_micro_b, hell_entry, nicolae_figureground_pulse
Pan:      evilmike_holy_pan, rand_demon_9, layout_cellular_growth,
          evilmike_mini_pan_other_thingy, layout_gridlike,
          pan_blood_fountain_small

Skill      XL: |  1  2  3  4  5  6  7  8  9 10 11 12 13 14 15 16 17 18 19 20 21 22 23 24 25 26 27 |
---------------+----------------------------------------------------------------------------------+-----
Spellcasting   | 3 4 7 10 12 14 16 18 | 18.1
Unarmed Combat | 1 4 5 6 7 11 12 13 14 15 16 17 19 20 | 20.1
Ice Magic      | 5 6 |  6.1
Armour         | 1 2 4 6 7 |  7.1
Dodging        | 3 4 7 9 10 11 12 13 14 15 16 17 18 | 18.0
Fighting       | 2 3 6 7 8 9 10 11 12 13 14 15 | 15.0
Summonings     | 2 6 10 14 | 14.1
Invocations    | 1 6 7 10 11 12 13 15 | 15.0
Transmutations | 4 7 9 |  9.1
Earth Magic    | 3 8 10 | 10.0
Necromancy     | 3 |  3.3
Shields        | 2 6 9 10 12 14 15 | 15.0
Translocations | 4 10 12 | 12.9
Air Magic      | 3 8 10 14 18 | 18.7
Stealth        | |  1.6

Action                     |  1- 3 |  4- 6 |  7- 9 | 10-12 | 13-15 | 16-18 | 19-21 | 22-24 | 25-27 || total
---------------------------+-------+-------+-------+-------+-------+-------+-------+-------+-------++-------
  Melee: Unarmed           |     4 |    94 |   103 |   235 |   277 |   394 |   353 |   247 |   539 ||  2246
         Punch             |       |     3 |     3 |    24 |    44 |    14 |       |       |       ||    88
  Throw: Dart              |       |       |       |       |     5 |       |       |       |       ||     5
   Cast: Freeze            |    26 |     6 |     4 |     3 |     9 |       |       |       |       ||    48
         Frozen Ramparts   |     3 |     8 |    14 |    31 |    23 |     9 |    11 |     1 |     2 ||   102
         Ozocubu's Armour  |       |     5 |    10 |    26 |    29 |       |       |       |       ||    70
         Summon Ice Beast  |       |       |       |     5 |    12 |       |       |       |       ||    17
         Wereblood         |       |       |       |     1 |     2 |       |     5 |     1 |       ||     9
         Summon Hydra      |       |       |       |       |    28 |    25 |     7 |     6 |     8 ||    74
         Summon Cactus Gia |       |       |       |       |    26 |    31 |    17 |    18 |    14 ||   106
         Summon Forest     |       |       |       |       |    11 |     8 |     3 |    11 |     3 ||    36
         Sandblast         |       |       |       |       |     7 |       |       |     1 |       ||     8
         Statue Form       |       |       |       |       |     6 |    58 |    36 |    26 |    49 ||   175
         Borgnjor's Vile C |       |       |       |       |       |    15 |    43 |     8 |    27 ||    93
         Passwall          |       |       |       |       |       |    20 |       |     2 |    10 ||    32
         Manifold Assault  |       |       |       |       |       |    15 |    16 |    64 |   128 ||   223
         Animate Dead      |       |       |       |       |       |       |     8 |    12 |     6 ||    26
 Invoke: Temporal Distorti |       |       |       |       |       |     4 |     1 |       |     1 ||     6
         Slouch            |       |       |       |       |       |       |     1 |    15 |       ||    16
         Step From Time    |       |       |       |       |       |       |     1 |       |       ||     1
Ability: End Transformatio |       |       |       |       |       |     1 |     4 |     2 |       ||     7
  Evoke: Wand              |       |       |       |       |     2 |     2 |     2 |       |     1 ||     7
    Use: Potion            |       |       |     1 |     6 |     1 |     4 |     1 |     8 |     2 ||    23
         Scroll            |       |       |       |    16 |    10 |     2 |     8 |     9 |     3 ||    48
   Stab: Sleeping          |       |     1 |       |       |       |     2 |       |       |       ||     3
         Distracted        |       |       |       |     3 |     5 |     7 |     8 |     5 |     9 ||    37
 Armour: Robe              |     2 |    29 |       |       |       |       |       |       |       ||    31
         Steam dragon scal |       |       |    32 |    62 |    78 |       |       |       |       ||   172
         Skin              |       |       |       |       |    16 |   319 |   162 |   128 |   201 ||   826
         Troll leather arm |       |       |       |       |     9 |     6 |     1 |       |     3 ||    19
  Dodge: Dodged            |    15 |    44 |    49 |   206 |   403 |   608 |   311 |   260 |   449 ||  2345
  Block: Other             |       |     1 |    22 |    54 |    68 |       |       |       |       ||   145
         Reflection        |       |       |       |     6 |     1 |       |       |       |       ||     7
         Kite shield       |       |       |       |       |       |   312 |   366 |   279 |   445 ||  1402
